Cogmind - Beta 17.1 @@@ ROGUE MODE // 2026.08.26 @ 20:30:33 Player: SunShine214 Result: Core destroyed Performance ------------- Evolutions (2) 1000 Regions Visited (5) 1000 Robots Destroyed (59) 295 Value Destroyed (1011) 1011 Prototype IDs (24) 480 Alien Tech Used (0) 0 Bonus (5533) 5533 TOTAL SCORE: 9319 Bonus ------- Follower Combat Kills 33 Prayed to X0-1V1 5000 Major X0-1V1 Interference 200 Aligned with FarCom 300 Cogmind --------- Core Integrity 0/450 Matter 347/1000 Energy 100/100 System Corruption 30% Temperature Cool (0) Movement Core (550) Ox10 Location -8/Materials Parts ------- > --- POWER (1) -------- Improved Ion Engine (fused) > --- PROPULSION (4) --- Light Treads > --- UTILITY (4) ------ Large Storage Unit > --- WEAPON (2) ------- Shotgun Katana > --- INVENTORY (15) --- Improved Ion Engine Flight Unit Flight Unit Scrap Suit Large Storage Unit Structural Scanner Improved Sensor Array Light Armor Plating Hacking Suite Heavy EM Pulse Gun Latent Energy Streamer Grenade Launcher Grenade Launcher Mining Laser Peak State ------------ > --- POWER ------------ Improved Ion Engine > --- PROPULSION ------- Light Treads > --- UTILITY ---------- Large Storage Unit X0-1V1's Piety Tracker > --- WEAPON ----------- Shotgun Katana > --- INVENTORY -------- Improved Ion Engine Flight Unit Flight Unit Scrap Suit Large Storage Unit Structural Scanner Improved Sensor Array Light Armor Plating Hacking Suite Heavy EM Pulse Gun Latent Energy Streamer Grenade Launcher Grenade Launcher Mining Laser [Rating: 25] Favorites ----------- Power Light Ion Engine Engine Light Ion Engine Propulsion Light Treads Treads Light Treads Utility Large Storage Unit Device X0-1V1's Piety Tracker Storage Large Storage Unit Weapon Assault Rifle Energy Gun Small Laser Ballistic Gun Assault Rifle Ballistic Cannon Light Cannon Launcher Grenade Launcher Slashing Weapon Katana Build | -11 -10 -10 -10 -9 -8 ------- Run | Yrd Mat Min Exi Min Mat Slots Evolved 4 | . . . . . 4 Power . | . . . . . . Propulsion 2 | . . . . . 2 Utility 2 | . . . . . 2 Weapon . | . . . . . . Parts Attached 22 | 7 7 1 . 7 . Power 4 | 1 1 . . 2 . Engine 4 | 1 1 . . 2 . Core . | . . . . . . Reactor . | . . . . . . Propulsion 3 | 2 . . . 1 . Treads 3 | 2 . . . 1 . Leg . | . . . . . . Wheel . | . . . . . . Hover . | . . . . . . Flight . | . . . . . . Utility 5 | 1 3 . . 1 . Device 3 | . 2 . . 1 . Storage 2 | 1 1 . . . . Processor . | . . . . . . Hackware . | . . . . . . Protection . | . . . . . . Artifact . | . . . . . . Weapon 10 | 3 3 1 . 3 . Energy Gun 1 | 1 . . . . . Energy Cannon . | . . . . . . Ballistic Gun 4 | 2 1 . . 1 . Ballistic Cannon 1 | . 1 . . . . Launcher 3 | . 1 1 . 1 . Special Weapon . | . . . . . . Impact Weapon . | . . . . . . Slashing Weapon 1 | . . . . 1 . Piercing Weapon . | . . . . . . Special Melee Weapon . | . . . . . . Unidentified Prototypes 1 | . 1 . . . . Parts Lost 7 | . 1 . . 5 1 Power 2 | . 1 . . 1 . Propulsion 2 | . . . . 2 . Utility 2 | . . . . 1 1 Weapon 1 | . . . . 1 . Highest Loss Streak 2 | . 1 . . 2 1 To Critical Strikes . | . . . . . . Average Backups 9 | . 6 10 13 13 14 Power . | . . . . . 1 Propulsion 1 | . 1 2 2 2 2 Utility 3 | . 1 3 6 6 6 Weapon 4 | . 4 5 5 5 5 Tool/Special . | . . . . . . Unused Backups 11 | . . . . . 11 Power 1 | . . . . . 1 Propulsion 2 | . . . . . 2 Utility 5 | . . . . . 5 Weapon 3 | . . . . . 3 Tool/Special . | . . . . . . Average Slot Usage (%) 87 | . 87 100 86 93 51 Engine 13 | . 13 14 14 13 9 Treads 24 | . 27 28 28 24 9 Device 9 | . 3 14 14 12 6 Storage 13 | . 14 14 14 14 9 Energy Gun 2 | . 6 . . . . Ballistic Gun 13 | . 14 14 14 14 9 Ballistic Cannon 5 | . 6 8 . 4 . Launcher 3 | . . 5 1 8 . Slashing Weapon 1 | . . . . . 9 Peak Build Rating 25 | 6 20 21 21 25 25 Average Rating 15 | 5 7 20 20 21 20 On Entrance 15 | . 6 20 21 21 25 Avg Prop Armor Cover (%) . | . . . . . . Naked Turns . | . . . . . . Heaviest Build 34 | 11 31 29 29 34 33 Greatest Support 40 | 40 40 40 40 40 20 Greatest Overweight (x) 1 | . 1 . . 1 1 Average Overweight (x) . | . . . . . 1 Largest Inventory Capacity 15 | 8 15 15 15 15 15 Average Capacity 13 | 7 12 15 15 15 15 Most Carried 15 | 1 10 14 15 15 15 Average Carried 10 | . 7 11 14 14 15 Final Capacity 15 | 8 15 15 15 15 15 Final Carried 15 | 1 10 14 15 15 15 Class Distribution -------------------- 100% | Mutant Dominant Class ---------------- Mutant | -10/Materials Mutant | -10/Mines Mutant | -10/Exiles Mutant | -9/Mines Mutant | -8/Materials Resources | -11 -10 -10 -10 -9 -8 ----------- Run | Yrd Mat Min Exi Min Mat Matter Collected 1175 | 336 337 262 . 240 . Remotely . | . . . . . . Salvage Created 1116 | 251 555 65 . 245 . Parts 102 | 18 44 10 . 30 . Haulers Intercepted 2 | . 2 . . . . Recyclers Shooed 1 | . 1 . . . . Parts Field Recycled . | . . . . . . Retrieved Matter . | . . . . . . Parts Self-Destructed . | . . . . . . Prevented . | . . . . . . Parts Restored . | . . . . . . Kills | -11 -10 -10 -10 -9 -8 ------- Run | Yrd Mat Min Exi Min Mat Combat Hostiles Destroyed 37 | . 14 5 . 18 . Guns 14 | . 9 1 . 4 . Cannons 3 | . 3 . . . . AOE 19 | . 2 4 . 13 . Classes Destroyed 10 | 3 6 . . 1 . Worker 4 | 2 2 . . . . Builder 2 | . 1 . . 1 . Tunneler 9 | 8 . 1 . . . Hauler 2 | . 2 . . . . Recycler 1 | 1 . . . . . Operator 2 | . 2 . . . . Watcher 2 | . 2 . . . . Swarmer 20 | . 3 3 . 14 . Grunt 16 | . 11 2 . 3 . Duelist 1 | . . . . 1 . Best Kill Streak 7 | 3 5 3 . 7 . Combat Bots Only 7 | . 5 3 . 7 . Max Kills in Single Turn 4 | 1 3 2 . 4 . Gunslinging . | . . . . . . Exploded 4 | . 1 2 . 4 . Melee . | . . . . . . Uniques/NPCs Destroyed . | . . . . . . Combat | -11 -10 -10 -10 -9 -8 -------- Run | Yrd Mat Min Exi Min Mat Hostile Shots Fired 133 | . 65 14 . 50 4 Missed 41 | . 24 4 . 13 . Hits 92 | . 41 10 . 37 4 Melee 2 | . . . . 2 . Projectile 90 | . 41 10 . 35 4 Critical Strikes 2 | . . . . 1 1 Damage Taken 1537 | . 487 118 . 354 578 Core 587 | . 78 . . 44 465 Absorbed by Shields . | . . . . . . Ignored by Resistances 31 | . . 14 . 13 4 Core Remaining (%) 85 | 100 . . . 70 . Volleys Fired 103 | 22 56 9 . 16 . Largest 2 | 2 2 2 . 2 . Hottest 60 | 60 60 50 . 53 . Shots Fired 194 | 44 108 16 . 26 . Gun 131 | 44 67 9 . 11 . Cannon 40 | . 38 . . 2 . Launcher 23 | . 3 7 . 13 . Special . | . . . . . . Kinetic 138 | 22 94 9 . 13 . Thermal 33 | 22 11 . . . . Explosive 23 | . 3 7 . 13 . Electromagnetic . | . . . . . . Robot Hit Streak 15 | 6 15 2 . 5 . Robot Miss Streak 4 | 4 4 3 . 1 . Penetration Max . | . . . . . . Secondary Targets . | . . . . . . Shots Hit Robots 114 | 27 67 7 . 13 . Core Hits 80 | 12 36 8 . 24 . Critical Kills . | . . . . . . Critical Parts Destroyed . | . . . . . . Critical Strikes . | . . . . . . Melee Attacks 1 | . . . . . 1 Impact . | . . . . . . Slashing 1 | . . . . . 1 Piercing . | . . . . . . Sneak Attacks . | . . . . . . Combat Hostiles . | . . . . . . Follow-up Attacks . | . . . . . . Damage Inflicted 2786 | 332 1263 325 . 785 81 Guns 1098 | 332 602 46 . 118 . Cannons 392 | . 376 . . 16 . Explosions 1180 | . 270 278 . 632 . Melee . | . . . . . . Ramming 116 | . 15 1 . 19 81 Kinetic 1249 | 188 881 46 . 134 . Thermal 280 | 144 97 . . 39 . Explosive 1141 | . 270 278 . 593 . Electromagnetic . | . . . . . . Impact . | . . . . . . Slashing . | . . . . . . Piercing . | . . . . . . Highest Corruption 32 | . . . . . 32 Average Corruption 16 | . . . . . 16 Corruption Purged . | . . . . . . Corruption Blocked . | . . . . . . Effects 14 | . . . . . 14 Message Errors 3 | . . . . . 3 Matter Fused 3 | . . . . . 3 Heat Flow Errors 2 | . . . . . 2 Energy Discharges 3 | . . . . . 3 Parts Fused 1 | . . . . . 1 Data Loss (minor) 2 | . . . . . 2 Overload Shots . | . . . . . . Overflow Damage 19 | . 16 3 . . . Projectiles 10 | . 10 . . . . Explosions 9 | . 6 3 . . . Melee . | . . . . . . Knockbacks 2 | . 1 . . 1 . Impact . | . . . . . . Kinetic 2 | . 1 . . 1 . Secondary . | . . . . . . Self-Inflicted Damage 120 | . 39 . . . 81 Shots 1 | . 1 . . . . Rammed 11 | . 5 2 . 4 . Targets Rammed 13 | . 5 3 . 5 . Kicked . | . . . . . . Crushed 2 | . . 1 . 1 . Highest Temperature 205 | 20 27 7 . 20 205 Average Temperature 20 | 19 9 3 . 15 96 Received Heat Transfer 339 | . 198 63 . 42 36 Siege Activations . | . . . . . . Martial Activations . | . . . . . . Shielding Activations . | . . . . . . Robots Disrupted . | . . . . . . Combat Hostiles . | . . . . . . Robots Corrupted . | . . . . . . Combat Hostiles . | . . . . . . Parts Fried . | . . . . . . Impact Corruptions . | . . . . . . Robots Melted . | . . . . . . Combat Hostiles . | . . . . . . Parts Melted . | . . . . . . Heat Transferred 600 | 325 225 . . 50 . Parts Sabotaged . | . . . . . . Parts Stolen . | . . . . . . Parts Stripped . | . . . . . . Power Chain Reactions . | . . . . . . Alert | -11 -10 -10 -10 -9 -8 ------- Run | Yrd Mat Min Exi Min Mat Maximum Alert Level 1 | . 1 . . 1 . Low Security (%) 89 | 100 82 100 . 72 100 Level 1 10 | . 17 . . 27 . Level 2 . | . . . . . . Level 3 . | . . . . . . Level 4 . | . . . . . . Level 5 . | . . . . . . High Security . | . . . . . . Max Security . | . . . . . . Peak Influence 270 | 10 232 100 . 270 112 Initial 102 | . . 69 . . 102 Average 72 | 1 113 30 . 130 46 Influence Increases 1357 | 55 551 161 . 541 49 Destroy 0b10 Robot/C 760 | . 280 100 . 360 20 Destroy 0b10 Robot/NC 115 | 55 45 5 . 5 5 Destroy Leader 150 | . 58 20 . 60 12 Allied During Kill 11 | . . . . . 11 Successful Hack 5 | . 5 . . . . Disable Machine 45 | . 15 . . 30 . Destroy Structure 121 | . 13 36 . 71 1 Partial Spotted 15 | . 15 . . . . Lose Combat Pursuer 135 | . 120 . . 15 . Influence Decreases 1357 | 55 373 317 22 279 311 Entered New Map 291 | . . 109 22 . 160 Time Decay 996 | 55 363 208 . 229 141 Lost Part 70 | . 10 . . 50 10 Squads Dispatched 6 | . 3 . . 1 2 Investigation 1 | . 1 . . . . Extermination . | . . . . . . Reinforcement 3 | . 2 . . 1 . Assault 2 | . . . . . 2 Garrison . | . . . . . . Intercept . | . . . . . . Searches Triggered . | . . . . . . Construction Impeded 1 | . . . . 1 . Haulers Reinforced . | . . . . . . Active Scanning Responses . | . . . . . . Cargo Convoy Interrupts . | . . . . . . Stealth | -11 -10 -10 -10 -9 -8 --------- Run | Yrd Mat Min Exi Min Mat Distress Signals 3 | . 2 . . . 1 Communications Jammed . | . . . . . . Distress Signals . | . . . . . . Times Spotted 61 | . 33 5 . 19 4 Peak Tracking Total 7 | . 7 3 . 4 3 Tactical Retreats 3 | . 2 . . 1 . Traps | -11 -10 -10 -10 -9 -8 ------- Run | Yrd Mat Min Exi Min Mat Traps Triggered 2 | . 2 . . . . Indirectly . | . . . . . . Trap Hack Attempts . | . . . . . . Triggered . | . . . . . . Disarmed . | . . . . . . Reprogrammed . | . . . . . . Reused . | . . . . . . Traps Extracted . | . . . . . . Installed . | . . . . . . Triggered . | . . . . . . Machines | -11 -10 -10 -10 -9 -8 ---------- Run | Yrd Mat Min Exi Min Mat Machines Disabled 3 | . 1 . . 2 . Max in Single Turn 1 | . 1 . . 1 . Garrison Access 1 | . . . . . 1 Machines Repaired . | . . . . . . Machines Dismantled . | . . . . . . Machines Sabotaged . | . . . . . . Overloaded Fab Kills . | . . . . . . Hacking | -11 -10 -10 -10 -9 -8 --------- Run | Yrd Mat Min Exi Min Mat Machines Accessed 6 | . 4 . 2 . . Terminals 4 | . 4 . . . . Fabricators . | . . . . . . Repair Stations . | . . . . . . Recycling Units . | . . . . . . Scanalyzers . | . . . . . . Garrison Access . | . . . . . . Total Hacks 12 | . 7 . 5 . . Successful 7 | . 2 . 5 . . Failed 5 | . 5 . . . . Catastrophic . | . . . . . . Database Lockouts . | . . . . . . Manual 2 | . 1 . 1 . . Terminals 7 | . 7 . . . . Fabricators . | . . . . . . Repair Stations . | . . . . . . Recycling Units . | . . . . . . Scanalyzers . | . . . . . . Garrison Access . | . . . . . . Terminal Hacks 7 | . 2 . 5 . . Record 4 | . . . 4 . . Registered Components 1 | . 1 . . . . Zone Layout 1 | . 1 . . . . Proto ID Catalog 1 | . . . 1 . . Fabricator Hacks . | . . . . . . Repair Station Hacks . | . . . . . . Recycling Unit Hacks . | . . . . . . Scanalyzer . | . . . . . . Garrison Access Hacks . | . . . . . . Unauthorized Hacks . | . . . . . . Terminals . | . . . . . . Fabricators . | . . . . . . Repair Stations . | . . . . . . Recycling Units . | . . . . . . Scanalyzers . | . . . . . . Garrison Access . | . . . . . . Data Cores Recovered . | . . . . . . Used . | . . . . . . Hacking Detections 2 | . 2 . . . . Full Trace Events . | . . . . . . Feedback Events . | . . . . . . Feedback Blocked . | . . . . . . Robot Schematics Acquired . | . . . . . . Robots Built . | . . . . . . Authchips . | . . . . . . Time . | . . . . . . Total Robot Build Rating . | . . . . . . Part Schematics Acquired . | . . . . . . Parts Built . | . . . . . . Authchips . | . . . . . . Time . | . . . . . . Total Part Build Rating . | . . . . . . Part Studies Acquired . | . . . . . . Parts Repaired . | . . . . . . Time . | . . . . . . Parts Recycled . | . . . . . . Recycled Matter . | . . . . . . Retrieved Matter . | . . . . . . Retrieved Components . | . . . . . . Parts Scanalyzed . | . . . . . . Part Schematics Acquired . | . . . . . . Parts Damaged . | . . . . . . Bothacking | -11 -10 -10 -10 -9 -8 ------------ Run | Yrd Mat Min Exi Min Mat Used RIF Installer . | . . . . . . Robots Hacked . | . . . . . . Non-combat . | . . . . . . Combat . | . . . . . . Robot Hacks Applied . | . . . . . . Relay Couplers Released 2 | . . . . . 2 Machine Destruction 2 | . . . . . 2 Fabnet Peak Effective % . | . . . . . . Robots Rewired . | . . . . . . Allies Hacked . | . . . . . . Hacks Repelled . | . . . . . . Allies | -11 -10 -10 -10 -9 -8 -------- Run | Yrd Mat Min Exi Min Mat Total Allies 5 | . . . . . 5 Largest Group 5 | . . . . . 5 Highest-Rated Group 90 | . . . . . 90 Highest-Rated Ally 18 | . . . . . 18 Total Orders . | . . . . . . Ally Attacks 2 | . . . . . 2 Total Damage 70 | . . . . . 70 Kills 2 | . . . . . 2 Allies Corrupted . | . . . . . . Allies Melted . | . . . . . . X0-1V1 Amusement Gains 42 | . 12 20 . 10 . Average Entertainment 13 | . 11 17 . 7 11 Good Acts 15 | . . 8 . 3 4 Bad Acts 3 | . . 1 . 1 1 Intel | -11 -10 -10 -10 -9 -8 ------- Run | Yrd Mat Min Exi Min Mat Active Infowar (turns) 202 | . 202 . . . . Structural 202 | . 202 . . . . Robot Analysis Total . | . . . . . . Derelict Logs Recovered 3 | . . 1 . 2 . Drone Launches . | . . . . . . Drone Recoveries . | . . . . . . Exploration | -11 -10 -10 -10 -9 -8 ------------- Run | Yrd Mat Min Exi Min Mat Turns Passed 3563 | 308 1002 960 343 546 404 Spaces Moved 1644 | 128 448 579 214 263 12 Core 3 | 3 . . . . . Treads 1641 | 125 448 579 214 263 12 Legs . | . . . . . . Wheels . | . . . . . . Hover . | . . . . . . Flight . | . . . . . . Fastest Speed 50 | 50 160 160 160 160 240 Average Speed 162 | 157 160 160 160 175 240 Slowest Speed 240 | 160 240 160 160 240 240 Overloaded Moves . | . . . . . . Propulsion Burnouts . | . . . . . . Robots Hopped . | . . . . . . Potential Cave-ins . | . . . . . . Cave-ins Triggered . | . . . . . . Exploration Rate (%) 50 | 6 78 96 63 56 5 Regions Visited 5 Branch Regions 3 Pre-discovered Areas 2 | . . . 1 1 . Known Exits Taken . | . . . . . . Unknown Exits Taken 5 | 1 1 1 1 1 . Scrap Searched 2 | . . 1 . 1 . Spaces Dug 1 | . . . . . 1 Terrain Destroyed 153 | . 11 49 . 92 1 Melee 1 | . . . . . 1 Projectile . | . . . . . . AOE 152 | . 11 49 . 92 . Terrain Rammed 71 | . . . . . 71 Walls Destroyed . | . . . . . . Machines Disabled . | . . . . . . Actions | -11 -10 -10 -10 -9 -8 --------- Run | Yrd Mat Min Exi Min Mat Total 2015 | 187 617 594 216 318 83 Wait 140 | 30 88 1 . 21 . Move 1639 | 127 447 578 213 262 12 Hop . | . . . . . . Pick Up 14 | 1 8 2 1 2 . Fast Attach 15 | 6 5 . . 4 . Attach 1 | . . . . 1 . Detach 2 | . 1 . 1 . . Swap 12 | 1 6 1 . 4 . Drop 5 | . 1 . 1 3 . Fire 103 | 22 56 9 . 16 . Melee 1 | . . . . . 1 Ram 70 | . . . . . 70 Kick . | . . . . . . Crush 13 | . 5 3 . 5 . Escape Stasis . | . . . . . . Rewire . | . . . . . . Trap . | . . . . . . Miscellaneous . | . . . . . . Route ------- -11/Scrapyard -10/Materials (discovered 4 exits: [*Mat] / [*Min x2] / [*Sub]) -10/Mines (discovered 3 exits: [*Mat x2] / *Exi) -10/Exiles (discovered 2 exits: [*Min x2]) -9/Mines -8/Materials History --------- Turn | Location | Event 36 | -11/Scrapyard | Discovered new exit (range 15) 309 | -11/Scrapyard | Entered Materials 310 | -10/Materials | Build established: Mutant 706 | -10/Materials | Discovered new exit (range 11) 1187 | -10/Materials | Discovered new exit (range 11) 1230 | -10/Materials | Discovered new exit (range 5) 1238 | -10/Materials | Discovered new exit (range 15) 1267 | -10/Materials | Prayed at D.C.S.S. Altar Unit 1311 | -10/Materials | Entered Mines 1419 | -10/Mines | TH resistance permanently improved by X0-1V1 (+10%; -100 max core) 1604 | -10/Mines | Assembled infested the area 1668 | -10/Mines | X0-1V1 activates XOMVISION 1790 | -10/Mines | Learned Materials terminal intel 1839 | -10/Mines | Found a Scrap Suit stashed away for nefarious purposes 1843 | -10/Mines | Found Scrap Suit 1902 | -10/Mines | Discovered new exit (range 10) 1922 | -10/Mines | Discovered new exit (range 12) 2092 | -10/Mines | X0-1V1 activates XOMVISION 2264 | -10/Mines | Discovered new exit (range 5) 2271 | -10/Mines | Entered Exiles 2292 | -10/Exiles | Discovered new exit (range 18) 2307 | -10/Exiles | Met 8R-AWN 2338 | -10/Exiles | Met EX-HEX 2382 | -10/Exiles | Met EX-BIN 2400 | -10/Exiles | Aligned with FarCom system 2402 | -10/Exiles | Given EX-Vault access code 2451 | -10/Exiles | Opened EX-Vault 2461 | -10/Exiles | Found Latent Energy Streamer 2494 | -10/Exiles | Warned to stay clear of 0b10 Research branches 2541 | -10/Exiles | Met EX-DEC 2553 | -10/Exiles | Learned location of Zion (-6) 2601 | -10/Exiles | Discovered new exit (range 10) 2614 | -10/Exiles | Left Exiles lab with Latent Energy Streamer 2614 | -10/Exiles | Entered Mines 2659 | -9/Mines | Learned Materials stockpile data 2802 | -9/Mines | Found DCF Scrap (15 items) 2835 | -9/Mines | Destroyed 7 combat bots 2980 | -9/Mines | X0-1V1 activates XOMVISION 3130 | -9/Mines | Discovered new exit (range 10) 3160 | -9/Mines | Entered Materials 3160 | -8/Materials | Evolved 4 slots: Propulsion x2, Utility x2 3162 | -8/Materials | Loaded intel: 12 terminal locations 3223 | -8/Materials | X0-1V1 foreshadows a heat wave 3230 | -8/Materials | System corruption reached 10% 3231 | -8/Materials | X0-1V1 sent allied L-31 Rogue (x5) 3264 | -8/Materials | X0-1V1 released a cloud of subatomizers 3351 | -8/Materials | System corruption reached 30% 3400 | -8/Materials | Core integrity fell below 50% 3415 | -8/Materials | Ambient heat levels rising (+10) 3483 | -8/Materials | Core integrity fell below 20% 3539 | -8/Materials | Ambient heat levels rising (+10) 3564 | -8/Materials | Core destroyed Last Messages --------------- 03558_ R-06 Scavenger heat damages Com. Wheel. 03559_ L-31 Rogue heat spikes uncontrollably. 03559_ R-06 Scavenger heat spikes uncontrollably. 03559_ Slammed into Wall. 03559_ Destabilizing: System corrupted (+2). 03560_ L-31 Rogue heat short circuits Imp. Aluminum Leg. 03561_ L-31 Rogue heat damages Broken Imp. Aluminum Leg, Broken Imp. Aluminum Leg. 03561_ L-31 Rogue heat damages Melee Analysis Suite. 03564_ L-31 Rogue heat short circuits Melee Analysis Suite. 03564_ L-31 Rogue heat damages Imp. Ion Engine, Melee Analysis Suite, Broken Imp. Aluminum Leg, Katana. 03564_ Slammed into Wall. 03564_ Destabilizing: Core damaged (-18). 03564_ X0-1V1 snickers! Map ----- +----------------------------------------------------+ | ???????????????????????????????????????? | | ???????????????????????????????????????? | | ???????????????????????????????????????? | | ???????????????????????????????????????? | | ???????????????????????????????????????? | | ???????????????????????????????????????? | | ???????????????????????????????"???????? | | ???????????????????????????????T???????? | | ???????????????????????????????"???????? | | ???????????????????????????????????????? | | ???????????????????????????????????????? | | ???????????????????????????????????????? | | ???????????????????????????????????????? | | ???????????????????????????????????????? | | ???????????????????????????????????????? | | ???????????????????????????????????????? | | ???????????????????????????????????????? | | ?????????????########??????????????????? | | ?????????????# #??????????????????? | | ?????????????# #??????????????????? | | ?????????????? #??????????????????? | | ?????????????? #??????????????????? | | ??????????????? #??????????????????? | | ??????????????? ???????????????????? | | ??????###########+######/###### #??????? | | ??????# l @ ????? | | ??????# l% ????? | | ??????# l % ! ????? | | ??????######### ######+#######???????? | | ??????????????# ## #????????? | | ??????????????# ## " #????????? | | ??????????????# ## " ?????????? | | ??????????????# ## ""??????????? | | ??????????????# %## ??????????? | | ??????????????# %## ?????????? | | ?????????????? # ##??????????? | | ?????????????? ??????????? | | ?????????????? " ??????????? | | ?????????????# ???????????? | | ?????????????# ######??????????????? | | ?????????????##### #???????????????????? | | ?????????????????? #?????????"""???????? | | ?????????????????? #?????????"T"???????? | | ?????????????????? ????????????????????? | | ???????????????????????????????????????? | | ??????????????????????????????!????????? | | ???????????????????????????????????????? | | ???????????????????????????????????????? | | ???????????????????????????????????????? | | ???????????????????????????????????????? | +----------------------------------------------------+ Best States ------------- Heat Dissipation 31 Energy Generation 12 Energy Capacity 265 Matter Stores 432 Matter Capacity 1000 Sight Range 22 Terrain Scan Density 10 Resistance: TH 10 Evasion (%) 40 Recoil Reduction 2 Item Schematics ----------------- None Robot Schematics ------------------ None Fabricated ------------ Nothing Repaired ---------- Nothing Studied --------- None Alien Tech Used ----------------- None Achievements -------------- None Challenges ------------ None Game ------ Seed AntisysFocalPick Manual? 0 Play Time 00:18:21 Cumulative 189.3 hours Start 2026.08.26 @ 16:57:24 End 2026.08.26 @ 20:30:33 Sessions 2 Manual Loads 0 Difficulty Rogue Special Mode None Game No. 298 Rogue 298 Adventurer 0 Explorer 0 Win Type - Total 1 Types 1/0/0/0/0/0/0/0/0/0 Lore% 64 Gallery% 60 Achievement% 46 Wizard Run 0 Options --------- Layout 1 ASCII 0 Keyboard 1 Movement Arrows Keybinds 0 Fullscreen 1 Font 24/Smallcaps Map View 50x35 Zoom Use 0% Tactical HUD 1 Map Filters NONE Filters NONE Steam 1 RUN: 99d184a5-05c3-426c-9553-98a6fa9ab2c5